 Dungeon Crawl Stone Soup version 0.25-a0-356-g7c9d860b3b (webtiles) character file.

Game seed: 996748738016696508, levelgen mode: classic

16428 Borgoz the Basher (level 12, -19/80 HPs)
             Began as a Gargoyle Gladiator on Jan 3, 2020.
             Was a High Priest of Makhleb.
             Demolished by a reaper
             ... wielding a +2 scythe of freezing
              (37 damage)
             ... in an ice cave.
             The game lasted 00:22:12 (12467 turns).

Borgoz the Basher (Gargoyle Gladiator)             Turns: 12467, Time: 00:22:13

Health: -19/80     AC: 24    Str: 27    XL:     12   Next: 37%
Magic:  12/12      EV: 14    Int: 10    God:    Makhleb [*****.]
Gold:   787        SH:  2    Dex: 14    Spells: 11/11 levels left

rFire    . . .     SeeInvis +   H - +6 falchion "Acuowys" {slice, rC+}
rCold    + + .     Gourm    .   (no shield)
rNeg     + . .     Faith    .   W - +0 scale mail
rPois    ∞         Spirit   .   z - +0 helmet {SInv}
rElec    +         Reflect  +   m - scarf {cloud immunity}
rCorr    .         Harm     .   P - +1 pair of gloves {Dex+3}
MR       .....                  I - +1 pair of boots {Fly}
Stlth    ..........             u - +2 amulet of reflection
HPRegen  0.23/turn              K - ring of protection from cold
MPRegen  0.13/turn              x - +5 ring of strength

@: flying, hasted, very quick
A: negative energy resistance 1, electricity resistance, unbreathing,
petrification resistance, rot immunity, AC +8
a: Minor Destruction, Lesser Servant of Makhleb, Major Destruction, Greater
Servant of Makhleb, Renounce Religion, Stop Flying


You were in an ice cave.
You worshipped Makhleb.
Makhleb was extremely pleased with you.
You were very hungry.

You visited 2 branches of the dungeon, and saw 14 of its levels.
You also visited: Sewer, Ossuary and Ice Cave.

You collected 787 gold pieces.

Inventory:

Hand Weapons
 a - a +0 flail
 p - the cursed +3 hunting sling "Bufohudu" {flame, MR+ Int+2, unknown}
   (You found it in a sewer)

   It causes projectiles fired from it to burn those they strike, causing extra
   injury to most foes and up to half again as much damage against particularly
   susceptible opponents.
   It affects your intelligence (+2).
   It affects your resistance to hostile enchantments.
   It has a curse placed upon it.
 H - the +6 falchion "Acuowys" (weapon) {slice, rC+}
   (You found it on level 6 of the Dungeon)

   It inflicts extra damage upon your enemies.
   It protects you from cold.
 S - a +2 mace of holy wrath
Armour
 m - a scarf of cloud immunity (worn)
 z - a +0 helmet of see invisible (worn)
 I - a +1 pair of boots of flying (worn)
 N - a +0 troll leather armour
 P - a +1 pair of gloves of dexterity (worn)
 W - a +0 scale mail (worn)
Jewellery
 i - an uncursed ring of fire
 u - a +2 amulet of reflection (around neck)
 v - a +4 ring of dexterity
 w - an uncursed ring of resist corrosion
 x - a +5 ring of strength (right hand)
 K - a ring of protection from cold (left hand)
Wands
 s - a wand of paralysis (19)
 A - a wand of acid (9)
 C - a wand of flame (30)
 G - a wand of polymorph (8)
 J - a wand of enslavement (2)
 Q - a wand of digging (8)
 T - a wand of clouds (4)
 V - a wand of iceblast (7)
Scrolls
 c - a scroll of immolation {unknown}
 e - 6 scrolls of amnesia
 h - a scroll of fear {unknown}
 j - 3 scrolls of magic mapping
 k - 9 scrolls of teleportation
 l - 2 scrolls of enchant armour {unknown}
 n - 2 scrolls of enchant weapon {unknown}
 q - 3 scrolls of random uselessness {unknown}
 t - 7 scrolls of remove curse {unknown}
 y - a scroll of noise {unknown}
 B - a scroll of vulnerability {unknown}
 D - 3 scrolls of brand weapon {unknown}
Potions
 g - 4 potions of curing
 o - 2 potions of flight
 r - 4 potions of cancellation
 F - a potion of magic
 M - a potion of haste
 O - a potion of agility {unknown}
 R - 2 potions of heal wounds {unknown}
 U - 2 potions of brilliance {unknown}
Comestibles
 f - 38 rations


   Skills:
 + Level 11.3 Fighting
 * Level 12.2 Maces & Flails
 - Level 1.7 Throwing
 + Level 11.1 Armour
 + Level 5.9 Dodging


You had 11 spell levels left.
You didn't know any spells.
Your spell library contained the following spells:

 Spells                   Type           Power        Failure   Level  Hunger
 Sting                    Tmut/Pois      #...         58%         1    ##.....
 Poisonous Vapours        Pois/Air       #.....       73%         2    ###....
 Ignite Poison            Fire/Tmut/Pois #.......     91%         3    ####...
 Mephitic Cloud           Conj/Pois/Air  #.......     91%         3    ####...
 Olgreb's Toxic Radiance  Pois           #.......     100%        4    #####..


Dungeon Overview and Level Annotations

Branches:
Dungeon (13/15)            Temple (1/1) D:5            Lair (0/6) D:9
    Orc (0/2) D:10          Sewer (visited)         Ossuary (visited)
  IceCv (1/1)
 Vaults: D:13-14

Altars:
Ashenzari
Cheibriados
Dithmenos
Elyvilon
Fedhas
Gozag
Hepliaklqana
Kikubaaqudgha
Makhleb
Nemelex Xobeh
Okawaru
Qazlal
Ru
Sif Muna
Trog
Uskayaw
Vehumet
Wu Jian
Xom
Yredelemnul
Zin
The Shining One

Annotations:
D:9 3 runed translucent doors, Amber's ghost, journeyman MfGl; MewIchigo's ghost, novice DDFi; floatRand's ghost, novice DrAs


Innate Abilities, Weirdness & Mutations

You are resistant to torment.
Your stone body is resilient. (AC +8)
You are immune to poison.
You resist negative energy. (rN+)
You are resistant to electric shocks. (rElec)
You can survive without breathing.
You are immune to petrification.
You are immune to rotting.


Message History

Aim: a reaper, wielding a +2 scythe of freezing (heavily wounded)
The bolt of acid hits the reaper!
The reaper is splashed with acid!
The reaper is severely wounded.
The reaper hits you with a +2 scythe of freezing.
* * * LOW HITPOINT WARNING * * *
Unknown command.
Evoke which item? (* to show all) (? for menu, Esc to quit)
Aiming: Corrosive Bolt
Press: ? - help, Shift-Dir - straight line, f/p - reaper
Aim: a reaper, wielding a +2 scythe of freezing (severely wounded)
The bolt of acid misses the reaper.
Evoke which item? (* to show all) (? for menu, Esc to quit)
Aiming: Corrosive Bolt
Press: ? - help, Shift-Dir - straight line, f/p - reaper
Aim: a reaper, wielding a +2 scythe of freezing (severely wounded)
The bolt of acid hits the reaper.
The reaper is splashed with acid.
The acid corrodes the reaper!
The reaper is almost dead.
The reaper hits you with a +2 scythe of freezing!!!
You die...

#§§####......##
°§§○○§#.......##
§§§☼§§##.......##
#
§§§§°§##.......#
# #§§§........##
# # #§§###§§...##
# #○°
#....§#..### #
..§..#.....####
## #...2@.### .#
#.....### .#
###.## ## .. # ##


You could see a reaper.

Vanquished Creatures
  A rakshasa (D:13)
  A catoblepas (D:11)
  A tengu warrior (D:10)
  2 two-headed ogres
  An unseen horror (D:11)
  An ugly thing (D:11)
  2 manticores
  2 ice statues (IceCv)
  Psyche (D:9)
  7 ice devils (IceCv)
  5 trolls
  A hornet (D:8)
  A polar bear (shapeshifter) (D:12)
  3 hippogriffs
  6 yaks
  2 hungry ghosts
  2 vampire mosquitoes (D:12)
  A water moccasin (D:12)
  2 ice beasts
  3 sky beasts
  2 black bears
  7 orc warriors
  5 ogres
  A necrophage (D:11)
  3 phantoms
  3 centaurs
  2 crocodiles (D:9)
  3 big kobolds
  2 elf zombies (Ossuary)
  3 bullfrogs
  2 howler monkeys
  5 wights (D:11)
  7 crimson imps
  A bullfrog zombie (D:8)
  A centaur zombie (Ossuary)
  2 human zombies (Ossuary)
  5 jellies
  2 bullfrog skeletons
  4 hounds
  4 orc priests
  8 orc wizards
  4 iguanas
  8 worker ants
  2 merfolk sirens (Sewer)
  A merfolk avatar (Sewer)
  3 hound zombies (Ossuary)
  2 hound skeletons
  4 mummies
  2 worker ant zombies
  10 gnolls
  13 adders
  6 river rats
  3 shadow imps
  8 white imps (IceCv)
  8 ufetubi (IceCv)
  5 oozes
  7 adder zombies
  2 worms
  4 dart slugs
  6 leopard geckos
  44 orcs
  3 bats (D:1)
  2 bat skeletons (D:2)
  A bat zombie (D:2)
  12 giant cockroaches
  3 gnoll zombies (Ossuary)
  6 goblins
  3 hobgoblins
  6 jackals
  10 quokkas
  9 ball pythons
  15 frilled lizards
  2 giant cockroach zombies (D:2)
  5 goblin zombies
  7 hobgoblin zombies (Ossuary)
  2 jackal zombies (Ossuary)
  26 kobolds
  2 kobold zombies (Ossuary)
  A leopard gecko skeleton (D:3)
  An orc zombie (D:6)
  4 quokka zombies (Ossuary)
  26 rats
  2 rat zombies (Ossuary)
407 creatures vanquished.

Vanquished Creatures (others)
  A white imp (IceCv)
  2 ufetubi (IceCv)
  2 orcs (D:10)
  A kobold (D:7)
6 creatures vanquished.

Grand Total: 413 creatures vanquished

Notes
Turn   | Place    | Note
-------+----------+-------------------------------------------
     0 | D:1      | Borgoz the Gargoyle Gladiator began the quest for the Orb.
     0 | D:1      | Reached XP level 1. HP: 12/12 MP: 1/1
   100 | D:1      | Reached XP level 2. HP: 18/18 MP: 2/2
   113 | D:1      | Reached skill level 1 in Armour
   242 | D:1      | Found a snail-covered altar of Cheibriados.
   329 | D:1      | Reached XP level 3. HP: 22/22 MP: 3/3
  1118 | D:2      | Reached XP level 4. HP: 24/28 MP: 4/4
  1414 | D:2      | Found a glowing golden altar of the Shining One.
  1414 | D:2      | Found a glowing silver altar of Zin.
  1467 | D:2      | Found a sacrificial altar of Ru.
  1772 | D:3      | Found a glowing drain.
  1778 | D:3      | Reached XP level 5. HP: 30/33 MP: 5/5
  1784 | D:3      | Reached skill level 4 in Maces & Flails
  1859 | Sewer    | Entered a sewer
  2258 | Sewer    | Reached XP level 6. HP: 32/38 MP: 6/6
  2581 | Sewer    | Got an ancient hunting sling
  2995 | D:3      | Found a hide-covered altar of Uskayaw.
  3402 | D:3      | Found a faded altar of an unknown god.
  3887 | D:4      | Found a sacrificial altar of Ru.
  4005 | D:4      | Reached skill level 5 in Maces & Flails
  4014 | D:4      | Reached XP level 7. HP: 41/44 MP: 7/7
  4041 | D:4      | Reached skill level 5 in Fighting
  4397 | D:5      | Entered Level 5 of the Dungeon
  4727 | D:5      | Found a staircase to the Ecumenical Temple.
  4750 | Temple   | Entered the Ecumenical Temple
  4870 | Temple   | Became a worshipper of Makhleb the Destroyer
  4888 | D:5      | Found a basalt altar of Yredelemnul.
  4959 | D:6      | Reached skill level 5 in Armour
  5068 | D:6      | Found a sand-covered staircase.
  5072 | D:6      | Reached XP level 8. HP: 49/51 MP: 8/8
  5075 | Ossuary  | Entered an ossuary
  5233 | Ossuary  | Reached skill level 6 in Maces & Flails
  5238 | Ossuary  | Reached * piety under Makhleb
  5536 | D:6      | Got a twisted falchion
  5537 | D:6      | Identified the +6 falchion "Acuowys" {slice, rC+} (You
                  | found it on level 6 of the Dungeon)
  5570 | D:6      | Noticed a two-headed ogre
  5578 | D:6      | Killed a two-headed ogre
  5578 | D:6      | Reached skill level 7 in Maces & Flails
  5578 | D:6      | Reached XP level 9. HP: 57/57 MP: 9/9
  5837 | D:6      | Reached ** piety under Makhleb
  6520 | D:5      | Found a blossoming altar of Fedhas.
  6567 | D:5      | Reached skill level 8 in Maces & Flails
  6599 | D:5      | Found an ancient bone altar of Kikubaaqudgha.
  7007 | D:7      | Reached *** piety under Makhleb
  7367 | D:8      | Reached XP level 10. HP: 66/66 MP: 10/10
  7553 | D:8      | Reached skill level 9 in Maces & Flails
  8035 | D:8      | Found a white marble altar of Elyvilon.
  8472 | D:9      | Noticed Psyche
  8478 | D:9      | Killed Psyche
  8640 | D:9      | Found a runed translucent gate.
  8640 | D:9      | Found a runed translucent gate.
  8641 | D:9      | Found a runed translucent gate.
  8643 | D:9      | Noticed floatRand's ghost (novice DrAs)
  8643 | D:9      | Noticed MewIchigo's ghost (novice DDFi)
  8643 | D:9      | Noticed Amber's ghost (journeyman MfGl)
  8696 | D:9      | Found a staircase to the Lair.
  8838 | D:9      | Reached **** piety under Makhleb
  9015 | D:10     | Entered Level 10 of the Dungeon
  9271 | D:10     | Reached skill level 10 in Maces & Flails
  9520 | D:10     | Reached XP level 11. HP: 51/72 MP: 11/11
  9522 | D:10     | Reached skill level 10 in Fighting
  9570 | D:10     | Noticed a manticore
  9581 | D:10     | Killed a manticore
  9761 | D:10     | Found a staircase to the Orcish Mines.
  9803 | D:10     | Noticed a tengu warrior
  9827 | D:10     | Killed a tengu warrior
 10102 | D:11     | Reached skill level 10 in Armour
 10181 | D:11     | Noticed a green ugly thing
 10204 | D:11     | Killed a green ugly thing
 10262 | D:11     | Reached ***** piety under Makhleb
 10401 | D:11     | Noticed a two-headed ogre
 10409 | D:11     | Killed a two-headed ogre
 10409 | D:11     | Reached skill level 11 in Maces & Flails
 10522 | D:11     | Reached skill level 5 in Dodging
 10638 | D:11     | Noticed an unseen horror
 10659 | D:11     | Killed an unseen horror
 10841 | D:11     | Noticed a manticore
 10841 | D:11     | Noticed a catoblepas
 10868 | D:11     | Killed a manticore
 10884 | D:11     | Killed a catoblepas
 11569 | D:12     | Reached XP level 12. HP: 49/79 MP: 12/12
 12019 | D:13     | Noticed a rakshasa
 12049 | D:13     | Killed a rakshasa
 12068 | D:13     | Found a frozen archway.
 12111 | IceCv    | Entered an ice cave
 12232 | IceCv    | Reached skill level 12 in Maces & Flails
 12439 | IceCv    | Noticed a reaper
 12467 | IceCv    | Demolished by a reaper

Levels and vault maps discovered:
D:1:      erik_arrival_gehennom, layout_loops_corners, cheibriados_altar_1
D:2:      layout_loops_cross, gammafunk_temple_overflow_statue,
          lemuel_crystal_altar, serial_undead, serial_undead_c, serial_undead_a,
          serial_undead_a, serial_undead_c, minmay_worlds_worst_comb
D:3:      layout_basic, nicolae_overflow_crystal_walls, portal_sewer_entry_a,
          chequers_ecumenical_altar_twisty
D:4:      layout_cave_pools, nicolae_ru_sacrificial_ziggurat
D:5:      layout_loops_ring, grunt_temple_overflow_growth_and_decay,
          nicolae_overflow_hidden_temple, minmay_temple_entry_hall, first_ration
D:6:      layout_loops_ring, nicolae_ossuary_entry_giza
D:7:      layout_gridville
D:8:      layout_layer_cave, lemuel_doored_altar
D:9:      layout_roguey, david_lair_generic, gammafunk_ghost_cemetery,
          uniq_psyche
D:10:     layout_roguey, david_orc_4, grunt_tengu_nest
D:11:     nzn_motion_control, layout_long_grid
D:12:     layout_cave_pods
D:13:     lemuel_traditional_vault, layout_irregular_city,
          portal_ice_cave_entry_pillars_2, serial_shops,
          nicolae_shop_competitors_out_of_business, basic_altar
Temple:   nicolae_temple_great_sept
IceCv:    ice_cave_small_demon

Skill      XL: |  1  2  3  4  5  6  7  8  9 10 11 12 |
---------------+-------------------------------------+-----
Armour         | 1 2 3 4 5 7 8 9 10 11 | 11.1
Fighting       | 3 4 5 7 9 10 11 | 11.3
Maces & Flails | 4 5 7 8 10 11 12 | 12.2
Dodging        | 4 5 |  5.9
Throwing       | |  1.7

Action                   |  1- 3 |  4- 6 |  7- 9 | 10-12 || total
-------------------------+-------+-------+-------+-------++-------
Melee: Flail             |   105 |   408 |   313 |    54 ||   880
       Falchion          |       |       |   176 |   644 ||   820
Throw: Throwing net      |       |       |     1 |     5 ||     6
Evoke: Wand              |       |       |       |    13 ||    13
  Use: Scroll            |       |     6 |     5 |     3 ||    14
       Potion            |       |     3 |       |     8 ||    11
 Stab: Petrified         |       |       |       |    14 ||    14
       Held in net/web   |       |       |       |     3 ||     3
       Invisible         |       |       |       |     1 ||     1
  Eat: Chunk             |     1 |    10 |    12 |    21 ||    44
       Ration            |       |       |     1 |     1 ||     2
Armor: Leather armour    |     5 |       |       |       ||     5
       Ring mail         |    64 |   262 |   331 |   199 ||   856
       Troll leather arm |       |       |       |   151 ||   151
       Scale mail        |       |       |       |   102 ||   102
Dodge: Dodged            |    73 |   302 |   421 |   595 ||  1391
Block: Other             |       |     3 |    40 |    63 ||   106
       Reflection        |       |       |     2 |     1 ||     3
       Rpst.: Falchion   |       |       |    40 |   134 ||   174

Table legend:
 A = Non-vault XP
 B = Vault XP
 C = Vault XP percentage of total XP
 D = Non-vault monster count
 E = Vault monster count
 F = Vault count percentage of total count
                 A         B        C        D         E       F
            +---------+---------+-------+---------+---------+-------
      Total |   15176 |    8293 |  35.3 |     251 |     156 |  38.3
            +---------+---------+-------+---------+---------+-------
        D:1 |      39 |      18 |  31.6 |      18 |       5 |  21.7
        D:2 |      64 |      31 |  32.6 |      13 |      13 |  50.0
        D:3 |      90 |      30 |  25.0 |      26 |       5 |  16.1
        D:4 |     196 |       0 |   0.0 |      15 |       0 |   0.0
        D:5 |     546 |       0 |   0.0 |      19 |       0 |   0.0
        D:6 |    1921 |      20 |   1.0 |      23 |       3 |  11.5
        D:7 |     980 |       0 |   0.0 |      28 |       0 |   0.0
        D:8 |    1409 |       0 |   0.0 |      27 |       0 |   0.0
        D:9 |     771 |    1081 |  58.4 |      17 |       5 |  22.7
       D:10 |    1715 |    1605 |  48.3 |      16 |      16 |  50.0
       D:11 |    5074 |    1330 |  20.8 |      30 |       2 |   6.2
       D:12 |    1099 |       0 |   0.0 |      14 |       0 |   0.0
       D:13 |    1272 |       0 |   0.0 |       5 |       0 |   0.0
      Sewer |       0 |     213 | 100.0 |       0 |      42 | 100.0
    Ossuary |       0 |     486 | 100.0 |       0 |      40 | 100.0
      IceCv |       0 |    3479 | 100.0 |       0 |      25 | 100.0
            +---------+---------+-------+---------+---------+-------
